 Dungeon Crawl Stone Soup version 0.17.0-28-g6e173f8 (webtiles) character file.

1356 4thArraOfDagon the Cleaver (level 8, -7/73 HPs)
             Began as a Minotaur Berserker on Nov 22, 2015.
             Was a Believer of Trog.
             Engulfed by a steam dragon's steam (8 damage)
             ... on level 9 of the Dungeon.
             The game lasted 00:05:22 (1146 turns).

4thArraOfDagon the Cleaver (Minotaur Berserker)     Turns: 1146, Time: 00:05:22

Health: -7/73      AC: 13    Str: 23    XL:     8   Next: 37%
Magic:  7/7        EV:  9    Int:  6    God:    Trog [**....]
Gold:   114        SH:  0    Dex:  9    Spells: 0 memorised, 7 levels left

rFire  . . .     SeeInvis .     q - +0 war axe
rCold  . . .     Clarity  .     w - +0 plate armour (curse)
rNeg   . . .     SustAt   .     (no shield)
rPois  .         Gourm    .     (helmet restricted)
rElec  .         Spirit   .     (no cloak)
rCorr  .         Warding  .     (no gloves)
rMut   .         Stasis   .     (no boots)
MR     .....                    (no amulet)
Stlth  ..........               (no ring)
                                l - +2 ring of evasion

@: lethally poisoned (-7 -> -9), exhausted, not resistant to hostile
enchantments, extremely unstealthy
A: retaliatory headbutt, horns 2
a: Berserk, Trog's Hand, Burn Spellbooks, Renounce Religion


You were on level 9 of the Dungeon.
You worshipped Trog.
Trog was pleased with you.
You were not hungry.

You visited 1 branch of the dungeon, and saw 9 of its levels.

You collected 114 gold pieces.

Inventory:

Hand Weapons
 a - a +0 hand axe
 q - a +0 war axe (weapon)
Armour
 w - a cursed +0 plate armour (worn)
Jewellery
 l - a +2 ring of evasion (left hand)
Wands
 e - a wand of slowing (19)
 f - a wand of flame (31)
 n - a wand of polymorph (10)
Scrolls
 b - a scroll of amnesia {unknown}
 i - 5 scrolls of identify {unknown}
 j - 2 scrolls of enchant armour {unknown}
 k - a scroll of noise {unknown}
 v - a scroll of torment {unknown}
Potions
 d - 2 potions of heal wounds {unknown}
 h - a potion of flight {unknown}
 m - 2 potions of resistance {unknown}
 o - a potion of agility {unknown}
 p - a potion of degeneration {unknown}
 u - 2 potions of might {unknown}
Books
 r - a book of Unlife

   Spells                             Type                      Level
   a - Recall                         Summoning/Translocation      3
   b - Animate Dead                   Necromancy                   4
   c - Control Undead                 Necromancy                   4
   d - Cigotuvi's Embrace             Necromancy                   5
   e - Death Channel                  Necromancy                   6
   f - Simulacrum                     Ice/Necromancy               6
   Trog disapproves of the use of such an item.
 s - a book of Geomancy

   Spells                             Type                      Level
   a - Sandblast                      Earth                        1
   b - Stoneskin                      Transmutation/Earth          2
   c - Passwall                       Transmutation/Earth          3
   d - Stone Arrow                    Conjuration/Earth            3
   e - Petrify                        Transmutation/Earth          4
   f - Lee's Rapid Deconstruction     Earth                        5
   Trog disapproves of the use of such an item.
 t - a book of Flames

   Spells                             Type                      Level
   a - Flame Tongue                   Conjuration/Fire             1
   b - Throw Flame                    Conjuration/Fire             2
   c - Conjure Flame                  Conjuration/Fire             3
   d - Inner Flame                    Hexes/Fire                   3
   e - Sticky Flame                   Conjuration/Fire             4
   f - Fireball                       Conjuration/Fire             5
   Trog disapproves of the use of such an item.
Comestibles
 c - a bread ration
 x - a chunk of flesh


   Skills:
 + Level 7.1 Fighting
 * Level 9.4 Axes
 + Level 6.6 Armour
 - Level 2.1 Dodging


You had 7 spell levels left.
You didn't know any spells.

Dungeon Overview and Level Annotations

Branches:
Dungeon (9/15)
 Temple: D:4-7         Lair: D:8-11         Orc: D:9-12

Altars:
Nemelex Xobeh
Vehumet
Xom
Yredelemnul


Innate Abilities, Weirdness & Mutations

You reflexively headbutt those who attack you in melee.
You have a pair of horns on your head.


Message History

You headbutt the troll, but do no damage.
The troll claws you but does no damage. The troll barely misses you.
The steam dragon misses you. You furiously retaliate!
You headbutt the steam dragon, but do no damage.
The steam dragon claws you but does no damage.
Unknown command.
Unknown command.
You feel yourself speed up.
You feel sick.
Unknown command.
Unknown command.
The steam dragon breathes steam at you. The ball of steam hits you!
The troll bites you!
* * * LOW HITPOINT WARNING * * *
The troll claws you!
* * * LOW HITPOINT WARNING * * *
The troll claws you but does no damage.
Unknown command.
You are engulfed in a cloud of scalding steam.
You die...

#....#......# .#....####'###
#.#....##.....# #..
#.#...........# #..
#.#...........# #..
#.#...........#
#..####.#...........#
#.......##'###############
#..........@ยงยง......$......
#.....#.....T.....#........
#.....#.......D...#........
#.....#...........#........
#.....#..####.....#......(.
#.....#..# #.....#..y..###
#...[.#..# #..............
#.....#..####..............
#..........................


You could see a troll and a steam dragon.

Vanquished Creatures
  A hill giant (D:7)
  An ice beast (D:9)
  2 ogres (D:4)
  2 centaurs
  A scorpion (D:9)
  6 killer bees (D:7)
  A crimson imp (D:8)
  A hound (D:7)
  A giant frog skeleton (D:4)
  Jessica (D:3)
  2 worker ants
  An ooze (D:6)
  A giant gecko (D:2)
  4 orcs
  A bat (D:2)
  A giant cockroach (D:4)
  4 hobgoblins
  8 jackals
  A giant gecko zombie (D:7)
  A giant newt (D:3)
  2 rats
43 creatures vanquished.

Notes
Turn   | Place    | Note
--------------------------------------------------------------
     0 | D:1      | 4thArraOfDagon the Minotaur Berserker began the quest for the Orb.
     0 | D:1      | Reached XP level 1. HP: 19/19 MP: 0/0
    52 | D:2      | Reached skill level 4 in Axes
    79 | D:2      | Reached XP level 2. HP: 16/27 MP: 1/1
   140 | D:3      | Found a basalt altar of Yredelemnul.
   174 | D:3      | Noticed Jessica
   184 | D:3      | Killed Jessica
   184 | D:3      | Reached XP level 3. HP: 13/33 MP: 2/2
   193 | D:3      | Reached ** piety under Trog
   215 | D:3      | Found a sparkling altar of Nemelex Xobeh.
   246 | D:4      | Noticed an ogre
   262 | D:4      | Killed an ogre
   262 | D:4      | Reached skill level 5 in Axes
   262 | D:4      | Reached XP level 4. HP: 17/41 MP: 3/3
   264 | D:4      | Reached XP level 5. HP: 20/47 MP: 4/4
   341 | D:4      | Noticed an ogre
   361 | D:4      | Killed an ogre
   361 | D:4      | Reached skill level 5 in Fighting
   361 | D:4      | Reached skill level 6 in Axes
   438 | D:5      | Entered Level 5 of the Dungeon
   483 | D:5      | Noticed a centaur
   489 | D:5      | Killed a centaur
   489 | D:5      | Reached XP level 6. HP: 56/56 MP: 5/5
   590 | D:7      | Noticed a hill giant
   619 | D:7      | Reached skill level 7 in Axes
   659 | D:7      | Killed a hill giant
   659 | D:7      | Reached skill level 8 in Axes
   659 | D:7      | Reached skill level 5 in Armour
   659 | D:7      | Reached XP level 7. HP: 64/64 MP: 6/6
   739 | D:7      | Reached XP level 8. HP: 71/71 MP: 7/7
   745 | D:7      | Reached skill level 9 in Axes
   897 | D:7      | Found a radiant altar of Vehumet.
   899 | D:7      | Found a shimmering altar of Xom.
  1134 | D:9      | Noticed a troll
  1145 | D:9      | HP: 1/73 [troll (10)]
  1146 | D:9      | Engulfed by a steam dragon's steam

Action                   |  1- 3 |  4- 6 |  7- 9 || total
-------------------------+-------+-------+-------++-------
Melee: Hand axe          |    47 |     8 |       ||    55
       War axe           |       |    16 |    26 ||    42
Invok: Berserk           |     2 |     3 |     2 ||     7
       Trog's Hand       |       |     1 |       ||     1
Evoke: Wand              |       |       |     1 ||     1
  Eat: Bread ration      |       |     1 |       ||     1
       Royal jelly       |       |       |     1 ||     1
       Pizza             |       |       |     1 ||     1
